 Dungeon Crawl Stone Soup version 0.23.2-30-g0e89c35649 (webtiles) character file.

Game seed: 13698447193996267147

46 Alter the Covered (level 3, 0/24 HPs)
             Began as a Gargoyle Fighter on June 9, 2019.
             Killed from afar by Sigmund (2 damage)
             ... with a puff of flame
             ... on level 2 of the Dungeon.
             The game lasted 00:05:06 (1300 turns).

Alter the Covered (Gargoyle Fighter)                Turns: 1300, Time: 00:05:06

Health: 0/24       AC: 12    Str: 25    XL:     3   Next: 66%
Magic:  3/3        EV:  7    Int:  8    God:
Gold:   51         SH:  9    Dex:  9    Spells: 2/2 levels left

rFire    + . .     SeeInvis .   a - +1 flail
rCold    . . .     Gourm    .   c - +0 shield
rNeg     + . .     Faith    .   b - +0 scale mail
rPois    ∞         Spirit   .   (no helmet)
rElec    +         Reflect  .   (no cloak)
rCorr    .         Harm     .   (no gloves)
MR       .....                  l - +1 pair of boots
Stlth    ..........             (no amulet)
HPRegen  0.08/turn              j - ring of protection from fire
MPRegen  0.08/turn              (no ring)

@: mighty
A: negative energy resistance 1, electricity resistance, unbreathing,
petrification resistance, rot immunity, AC +3
a: no special abilities


You were on level 2 of the Dungeon.
You were not hungry.

You visited 1 branch of the dungeon, and saw 2 of its levels.

You collected 51 gold pieces.

Inventory:

Hand Weapons
 a - a +1 flail (weapon)
Armour
 b - a +0 scale mail (worn)
 c - a +0 shield (worn)
 l - a +1 pair of boots (worn)
Jewellery
 j - a ring of protection from fire (left hand)
Potions
 d - a potion of might
 e - a potion of haste {unknown}
Comestibles
 f - 5 rations
 g - 10 chunks of flesh


   Skills:
 * Level 3.7 Fighting
 + Level 2.5 Maces & Flails
 * Level 3.8 Armour
 + Level 3.7 Shields


You had 2 spell levels left.
You didn't know any spells.
Your spell library was empty.

Dungeon Overview and Level Annotations

Branches:
Dungeon (2/15)

Altars:

Annotations:
D:2 Sigmund


Innate Abilities, Weirdness & Mutations

You are resistant to torment.
Your stone body is resilient. (AC +3)
You are immune to poison.
You resist negative energy. (rN+)
You are resistant to electric shocks. (rElec)
You can survive without breathing.
You are immune to petrification.
You are immune to rotting.


Message History

Something hits you but does no damage.
You barely miss something. You block something's attack.
You closely miss something.
You hear some strange, mumbled words.
A magic dart appears from out of thin air!
The magic dart hits you. Something hits you but does no damage.
You miss something. You miss something. Something hits you but does no damage.
You thump something! Something hits you.
* * * LOW HITPOINT WARNING * * *
You barely miss something. Something hits you.
* * * LOW HITPOINT WARNING * * *
You miss something. Something hits you.
* * * LOW HITPOINT WARNING * * *
You closely miss something. You block something's attack.
You closely miss something.
You hear some strange, mumbled words.
A puff of flame appears from out of thin air!
The puff of flame hits you. You resist.
You die...

##...# #####.........##
##...####..............#
....<.....#.#..........#
.##<..#####.#..........#
###...##....#......[...#
.........####.###...####
.......### #.(##...##
.....#.# #.###..##
.....#.# .. #.@##
.....#.# ### #.{#
........ #.## ........
.. ........ ... ........
.... ........ .....
....... ...... .......


There were no monsters in sight!

Vanquished Creatures
  A worm (D:1)
  A dart slug (D:1)
  2 ball pythons
  3 giant cockroaches (D:1)
  6 goblins (D:1)
  2 hobgoblins (D:1)
  6 jackals
  A quokka (D:2)
  4 bats
  5 frilled lizards (D:1)
  3 kobolds (D:1)
  4 rats (D:1)
  A bush (D:1)
  A plant (D:1)
40 creatures vanquished.

Notes
Turn   | Place    | Note
-------+----------+-------------------------------------------
     0 | D:1      | Alter the Gargoyle Fighter began the quest for the Orb.
     0 | D:1      | Reached XP level 1. HP: 14/14 MP: 1/1
   173 | D:1      | Reached XP level 2. HP: 17/19 MP: 2/2
   400 | D:1      | Reached XP level 3. HP: 23/23 MP: 3/3
  1271 | D:2      | Noticed Sigmund
  1298 | D:2      | HP: 1/24 [something (2)]
  1300 | D:2      | Killed from afar by Sigmund

Action                   || total
-------------------------++-------
Melee: Flail             ||   218
  Use: Scroll            ||     5
       Potion            ||     1
  Eat: Chunk             ||     2
Armor: Scale mail        ||    97
Dodge: Dodged            ||    41
Block: Shield            ||    92
